 Dungeon Crawl Stone Soup version 0.24-a0-447-ge8da9206dc (webtiles) character file.

Game seed: 17403071695374785812

8 Iscandelvey the Vexing (level 2, 13/21 HPs)
             Began as a Demonspawn Arcane Marksman on June 24, 2019.
             Quit the game on level 1 of the Dungeon on June 25, 2019.
             The game lasted 00:00:21 (129 turns).

Iscandelvey the Vexing (Demonspawn Arcane Marksman)  Turns: 129, Time: 00:00:22

Health: 13/21      AC:  2    Str: 10    XL:     2   Next: 0%
Magic:  3/3        EV: 12    Int: 14    God:
Gold:   17         SH:  0    Dex: 13    Spells: 2/3 levels left

rFire    . . .     SeeInvis .   a - +0 hunting sling
rCold    . . .     Gourm    .   (no shield)
rNeg     . . .     Faith    .   e - +0 robe
rPois    .         Spirit   .   (no helmet)
rElec    .         Reflect  .   (no cloak)
rCorr    .         Harm     .   (no gloves)
MR       .....                  (no boots)
Stlth    +.........             (no amulet)
HPRegen  0.07/turn              (no ring)
MPRegen  0.08/turn              (no ring)

@: no status effects
A: rot immunity
a: no special abilities


You were on level 1 of the Dungeon.
You were not hungry.

You visited 1 branch of the dungeon, and saw 1 of its levels.

You collected 17 gold pieces.

Inventory:

Hand Weapons
 a - a +0 hunting sling (weapon)
Missiles
 d - 9 sling bullets (quivered)
Armour
 e - a +0 robe (worn)
Jewellery
 b - an uncursed ring of ice {unknown}
Scrolls
 c - a scroll of identify {unknown}
 h - a scroll of fear {unknown}
Potions
 g - a potion of curing {unknown}
 i - a potion of degeneration {unknown}
Comestibles
 f - a ration


   Skills:
 + Level 1.0 Fighting
 + Level 1.8 Slings
 + Level 2.0 Dodging
 + Level 1.0 Spellcasting
 + Level 3.4 Hexes


You had 2 spell levels left.
You knew the following spells:

 Your Spells              Type           Power        Failure   Level  Hunger
a - Corona                Hex            ##.....      7%          1    ##.....

Your spell library contained the following spells:

 Spells                   Type           Power        Failure   Level  Hunger
 Slow                     Hex            ##......     10%         2    ###....
 Inner Flame              Hex/Fire       #.......     36%         3    ####...
 Portal Projectile        Hex/Tloc       #.....       36%         3    ####...
 Cause Fear               Hex            ##........   54%         4    #####..
 Leda's Liquefaction      Hex/Erth       #.........   78%         4    #####..


Dungeon Overview and Level Annotations

Branches:
Dungeon (1/15)

Altars:


Innate Abilities, Weirdness & Mutations

You are immune to rotting.


Message History

A giant cockroach is nearby!
Firing (i - inventory)
d - 11 sling bullets (quivered)
Press: ? - help, Shift-Dir - straight line, f/p - giant cockroach
Aim: a giant cockroach (severely wounded, clinging)
You shoot a sling bullet.
The sling bullet closely misses the giant cockroach.
The giant cockroach bites you.
The giant cockroach completely misses you.
A giant cockroach is nearby!
Firing (i - inventory)
d - 10 sling bullets (quivered)
Press: ? - help, Shift-Dir - straight line, f/p - giant cockroach
Aim: a giant cockroach (severely wounded, clinging)
You shoot a sling bullet.
The sling bullet hits the giant cockroach.
You kill the giant cockroach!
Your Dodging skill increases to level 2!
You have reached level 2!
Your demonic ancestry asserts itself...
You feel immune to rotting.
Are you sure you want to abandon this character and quit the game? (Confirm with "yes".)

##.# ..(.. ... .... ...
..^# #.##..# #.....# .
#.#...# ######
.#####.##.#...# .(...#
.....#........###(....#
.... .....#.#...@(....#
.... ######.#####.....#
.#.# #..# .....# .#.###
#.## ##..... .#.#.##
#.# .#### ......##
#.########.###
##.....###.....†.......
........#....#.####.##.
.............#.#


There were no monsters in sight!

Vanquished Creatures
  A dart slug (D:1)
  A giant cockroach (D:1)
  A goblin (D:1)
  2 bats (D:1)
  A kobold (D:1)
  A rat (D:1)
7 creatures vanquished.

Notes
Turn   | Place    | Note
-------+----------+-------------------------------------------
     0 | D:1      | Iscandelvey the Demonspawn Arcane Marksman began the quest
                  | for the Orb.
     0 | D:1      | Reached XP level 1. HP: 15/15 MP: 2/2
     0 | D:1      | Upgraded the game from 0.24-a0-446-g87df7205b4 to
                  | 0.24-a0-447-ge8da9206dc
   128 | D:1      | Gained mutation: You are immune to rotting. [demonic
                  | ancestry]
   128 | D:1      | Reached XP level 2. HP: 13/21 MP: 3/3
   129 | D:1      | Quit the game

Levels and vault maps discovered:
D:1:      lightli_arrival_windingriver, layout_loops_cross, minmay_tetromino_l2

Skill      XL: |  1 |
---------------+----+-----
Dodging        | 2 |  2.0
Fighting       | |  1.0
Slings         | |  1.8
Spellcasting   | |  1.0
Hexes          | |  3.4

Action                   || total
-------------------------++-------
 Fire: Hunting sling     ||    20
Armor: Robe              ||     3
Dodge: Dodged            ||    16

Table legend:
 A = Non-vault XP
 B = Vault XP
 C = Vault XP percentage of total XP
 D = Non-vault monster count
 E = Vault monster count
 F = Vault count percentage of total count
                 A         B        C        D         E       F
            +---------+---------+-------+---------+---------+-------
      Total |      12 |       0 |   0.0 |       7 |       0 |   0.0
            +---------+---------+-------+---------+---------+-------
        D:1 |      12 |       0 |   0.0 |       7 |       0 |   0.0
            +---------+---------+-------+---------+---------+-------
